Workbook

Sheet Смета
J1: Приложение №
J2: к Договору подряда №
B4: ПОДРЯДЧИК: | I4: ЗАКАЗЧИК:
I6: Генеральный директор
B8: ______________/ | I8: _________________/Е.В.Низамова
A10: Локальный сметный расчет №1
A12: № | B12: Наименование | C12: Марка/ Завод изготовитель | D12: Характеристика | E12: Ед. изм. | F12: Норма расхода | G12: Кол-во | H12: Цена за ед. | I12: Сумма | J12: Примечание
A13: 09 | B13: Внутренняя отделка
A14: 09.00. | B14: Чистовая отделка квартир (ремонт)
A15: 09.00.00. | B15: Чистовая отделка квартир (ремонт)
A16: 09.00.00.00 | B16: Чистовая отделка квартир (ремонт) | E16: м2 | I16: =I17+I45 -> 0
B17: Работа: | I17: =SUM(I19:I44) -> 0
B18: Устройство полусухой выравнивающей стяжки армированной фиброволокном с сан.узлах выше первого этажа | E18: м2 | H18: =СМР!C3 -> 1 | I18: =H18*G18 -> 0
B19: Укладка ламината | E19: м2 | H19: =СМР!C4 -> 1 | I19: =H19*G19 -> 0
B20: Монтаж плинтуса | E20: м.п. | H20: =СМР!C5 -> 1 | I20: =H20*G20 -> 0
B21: Монтаж подоконников | E21: м.п. | H21: =СМР!C6 -> 1 | I21: =H21*G21 -> 0
B22: Шпатлевание стен | E22: м2 | H22: =СМР!C7 -> 1 | I22: =H22*G22 -> 0
B23: Оклейка стен обоями | E23: м2 | H23: =СМР!C8 -> 1 | I23: =H23*G23 -> 0
B24: Покраска обоев | E24: м2 | H24: =СМР!C9 -> 1 | I24: =H24*G24 -> 0 | J24: на 2 слоя
B25: Облицовка пола керамогранитом тип 1 | E25: м2 | H25: =СМР!C10 -> 1 | I25: =H25*G25 -> 0
B26: Облицовка стен керамогранитом тип 1 | E26: м2 | H26: =СМР!C11 -> 1 | I26: =H26*G26 -> 0
B27: Облицовка стен керамогранитом тип 2 | E27: м2 | H27: =СМР!C12 -> 1 | I27: =H27*G27 -> 0
B28: Монтаж короба из ГКЛ | E28: м2 | H28: =СМР!C13 -> 1 | I28: =H28*G28 -> 0
B29: Установка вентилятора | E29: шт | H29: =СМР!C14 -> 1 | I29: =H29*G29 -> 0
B30: Установка вентиляционной решетки | E30: шт | H30: =СМР!C15 -> 1 | I30: =H30*G30 -> 0
B31: Монтаж ревизионного люка | E31: шт | H31: =СМР!C16 -> 1 | I31: =H31*G31 -> 0
B32: Установка дверного блока | E32: шт | H32: =СМР!C17 -> 1 | I32: =H32*G32 -> 0
B33: Монтаж электроточки | E33: шт | H33: =СМР!C18 -> 1 | I33: =H33*G33 -> 0 | J33: в т.ч. вывод хвоста под вытяжку в кухне
B34: Монтаж точечного светильника | E34: шт | H34: =СМР!C19 -> 1 | I34: =H34*G34 -> 0
B35: Разводка труб п/э | E35: комплекс | H35: =СМР!C20 -> 1 | I35: =H35*G35 -> 0 | J35: в т.ч. вывод для стиральной машины, выводы воды и канализации на кухню
B36: Установка ванны | E36: шт | H36: =СМР!C21 -> 1 | I36: =H36*G36 -> 0 | J36: в т.ч. Установка экрана
B37: Установка инсталляции | E37: шт | H37: =СМР!C22 -> 1 | I37: =H37*G37 -> 0 | J37: в т.ч. Установка унитаза, кнопки и крышки-сиденья
B38: Установка раковины | E38: шт | H38: =СМР!C23 -> 1 | I38: =H38*G38 -> 0 | J38: в т.ч. Установка и подключение, сифона
B39: Установка зеркала | E39: шт | H39: =СМР!C24 -> 1 | I39: =H39*G39 -> 0
B40: Установка эл. полотенцесушителя | E40: шт | H40: =СМР!C25 -> 1 | I40: =H40*G40 -> 0
B41: Установка смесителя | E41: шт | H41: =СМР!C26 -> 1 | I41: =H41*G41 -> 0
B42: Установка душевой системы | E42: шт | H42: =СМР!C27 -> 1 | I42: =H42*G42 -> 0
B43: Монтаж натяжного потолка | E43: м2 | H43: =СМР!C28 -> 1 | I43: =H43*G43 -> 0 | J43: в т.ч. Монтаж вставки для натяжного потолка
B44: Монтаж закладных | E44: м.п | H44: =СМР!C29 -> 1 | I44: =H44*G44 -> 0 | J44: в т.ч. Закладные под карниз, шкаф-купе, люстры
B45: Материалы: | I45: =SUM(I50:I83) -> 0
B46: Песок среднезернистый (или крупнозернистый) | E46: кг | H46: =Материалы!C3 -> 1 | I46: =H46*G46 -> 0
B47: Цемент ПЦ400 | E47: кг | H47: =Материалы!C4 -> 1 | I47: =H47*G47 -> 0
B48: Фиброволокно полипропиленовое l=12мм | E48: кг | H48: =Материалы!C5 -> 1 | I48: =H48*G48 -> 0
B49: Пластификатор | E49: л | H49: =Материалы!C6 -> 1 | I49: =H49*G49 -> 0
B50: Ламинат в соответствии с тех.заданием | E50: м2 | F50: 1.05 | G50: =G19*F50 -> 0 | H50: =Материалы!C7 -> 1 | I50: =H50*G50 -> 0
B51: Подложка Порилекс НПЭ 3мм под ламинат | E51: м2 | H51: =Материалы!C8 -> 1 | I51: =H51*G51 -> 0
B52: Плинтус в соответствии с тех.заданием | E52: м.п. | F52: 1.07 | H52: =Материалы!C9 -> 1 | I52: =H52*G52 -> 0
B53: Подоконник ПВХ белый | E53: м.п | H53: =Материалы!C10 -> 1 | I53: =H53*G53 -> 0
B54: Сэндвич-панель 300х3000х9-9,5мм | E54: м.п | H54: =Материалы!C11 -> 1 | I54: =H54*G54 -> 0
B55: Шпаклевка полимерная финишная Vetonit LR+, 20 кг | E55: кг | F55: 3 | G55: =G22*F55 -> 0 | H55: =Материалы!C12 -> 1 | I55: =H55*G55 -> 0 | J55: При толщине слоя 2,5 мм
B56: Обои виниловые на флизелиновой основе Артекс под покраску арт. 50015 | E56: м2 | H56: =Материалы!C13 -> 1 | I56: =H56*G56 -> 0 | J56: 25 метров, ширина 1,06 м
B57: Клей обойный КЛЕО винил для виниловых обоев | E57: кг | F57: 0.007 | G57: =G22*F57 -> 0 | H57: =Материалы!C14 -> 1 | I57: =H57*G57 -> 0
B58: Краска Dulux Professional Bindo 3 база BW | E58: л | F58: 0.2 | G58: =G22*F58 -> 0 | H58: =Материалы!C15 -> 1 | I58: =H58*G58 -> 0 | J58: в т.ч. Учитывать колер в соответствии с ТЗ
B59: Керамический гранит Kerama Marazzi - коллекции в соответствии с тех.заданием тип 1 | E59: м2 | F59: 1.05 | G59: =SUM(G25:G26)*F59 -> 0 | H59: =Материалы!C16 -> 1 | I59: =H59*G59 -> 0
B60: Керамический гранит Kerama Marazzi - коллекции в соответствии с тех.заданием тип 2 | E60: м2 | F60: 1.05 | G60: =G27*F60 -> 0 | H60: =Материалы!C17 -> 1 | I60: =H60*G60 -> 0
B61: Клей для плитки Paleta MB53,25кг | E61: кг | F61: 6 | G61: =SUM(G25:G27)*F61 -> 0 | H61: =Материалы!C18 -> 1 | I61: =H61*G61 -> 0
B62: Лист гипсокартонный влагостойкий 2500*1200*12,5 Кнауф | E62: м2 | F62: 1.05 | G62: =G28*F62 -> 0 | H62: =Материалы!C19 -> 1 | I62: =H62*G62 -> 0
B63: Дверной блок | E63: шт. | G63: =G32 -> 0 | H63: =Материалы!C20 -> 1 | I63: =H63*G63 -> 0 | J63: в т.ч. Фурнитура в соответствии с ТЗ, порог в с/у
B64: Ванна Domani-Spa Standart | E64: шт. | G64: =G$36 -> 0 | H64: =Материалы!C21 -> 1 | I64: =H64*G64 -> 0
B65: Каркас для ванны | E65: шт. | G65: =G$36 -> 0 | H65: =Материалы!C22 -> 1 | I65: =G65*H65 -> 0
B66: Лицевая панель Domani Spa | E66: шт. | G66: =G$36 -> 0 | H66: =Материалы!C23 -> 1 | I66: =G66*H66 -> 0
B67: Сифон для ванны регулируемый с переливом и гибкой трубой 1.1/2 40/50 | E67: шт. | G67: =G$36 -> 0 | H67: =Материалы!C24 -> 1 | I67: =H67*G67 -> 0
B68: Инсталляция для унитаза Cersanit Vector S-IN-MZ-VECTOR | E68: шт. | G68: =G$37 -> 0 | H68: =Материалы!C26 -> 1 | I68: =H68*G68 -> 0 | J68: в соответствии с тех.заданием
B69: Чаша подвесного унитаза Cersanit Delfi S-MZ-DELFI-PL | E69: шт. | G69: =G$37 -> 0 | H69: =Материалы!C27 -> 1 | I69: =H69*G69 -> 0 | J69: в соответствии с тех.заданием
B70: Кнопка смыва Cersanit Corner A64107/A64108 | E70: шт. | G70: =G$37 -> 0 | H70: =Материалы!C27 -> 1 | I70: =H70*G70 -> 0 | J70: в соответствии с тех.заданием
B71: Тумба с раковиной Aquanet Палермо 60 белый(00203934) | E71: шт. | G71: =G$38 -> 0 | H71: =Материалы!C28 -> 1 | I71: =G71*H71 -> 0 | J71: в соответствии с тех.заданием
B72: Сифон бутылочный 1-1/4 с гибкой трубой(Гибкая подводка 1/2 ВР-НР 60см Монофлекс) | E72: шт. | G72: =G$38 -> 0 | H72: =Материалы!C29 -> 1 | I72: =H72*G72 -> 0
B73: Смеситель для раковины Esko Lagos LG 26, хром | E73: шт. | G73: =G$38 -> 0 | H73: =Материалы!C30 -> 1 | I73: =H73*G73 -> 0
B74: Душевая система со смесителем, арт. ST300, ESKO.- 1 шт. | E74: шт. | G74: =G$36 -> 0 | H74: =Материалы!C31 -> 1 | I74: =H74*G74 -> 0
B75: Зеркало-шкаф Comforty Диана 60 белый глянец R (036264) | E75: шт. | G75: =G$39 -> 0 | H75: =Материалы!C32 -> 1 | I75: =G75*H75 -> 0
B76: Полотенцесушитель электрический Орион Лесенка 50-50,55вт | E76: шт. | G76: =G$40 -> 0 | H76: =Материалы!C33 -> 1 | I76: =G76*H76 -> 0
B77: Лючок Д 200*300мм пластик 589-005 | E77: шт. | G77: =G$31 -> 0 | H77: =Материалы!C34 -> 1 | I77: =H77*G77 -> 0
B78: Вентилятор 100Д(150*150мм)Вентс | E78: шт. | G78: =G$29 -> 0 | H78: =Материалы!C35 -> 1 | I78: =H78*G78 -> 0
B79: Вентиляционная решетка | E79: шт. | G79: =G30 -> 0 | H79: =Материалы!C36 -> 1 | I79: =H79*G79 -> 0
B80: Натяжной потолок (матовый) бесшовный | E80: м2 | G80: =G43 -> 0 | H80: =Материалы!C37 -> 1 | I80: =H80*G80 -> 0 | J80: в т.ч. Комплектующие
B81: Точечный светильник Ecola gx53 | E81: шт. | G81: =G$34 -> 0 | H81: =Материалы!C38 -> 1 | I81: =H81*G81 -> 0 | J81: кол-во в соответствии с тех.заданием
B82: Лампа светодиодная ECO софит 7Вт, теплый свет | E82: шт. | G82: =G$34 -> 0 | H82: =Материалы!C39 -> 1 | I82: =H82*G82 -> 0 | J82: кол-во в соответствии с тех.заданием
B83: Прочие материалы | E83: компл | I83: =SUM(I84:I140) -> 0
B84: Угол внешний для плинтуса | E84: уп | H84: =Материалы!C41 -> 1 | I84: =H84*G84 -> 0
B85: Угол внутренний для плинтуса | E85: уп | H85: =Материалы!C42 -> 1 | I85: =H85*G85 -> 0
B86: Заглушки (уп. 2 шт. левая + правая) для плинтуса | E86: уп | H86: =Материалы!C43 -> 1 | I86: =H86*G86 -> 0
B87: Соединитель -2 шт. для плинтуса | E87: уп | H87: =Материалы!C44 -> 1 | I87: =H87*G87 -> 0
B88: F-профиль для ПВХ панелей 25х3000 мм | E88: шт | H88: =Материалы!C46 -> 1 | I88: =H88*G88 -> 0
B89: Планка стартовая FL для сэндвич-панелей 10х3000 мм | E89: шт | H89: =Материалы!C46 -> 1 | I89: =H89*G89 -> 0
B90: Грунтовка глуб. проникновения стен под шпатлевку | E90: кг | H90: =Материалы!C47 -> 1 | I90: =H90*G90 -> 0
B91: Шкурка шлифовальная №16 | E91: шт. | H91: =Материалы!C48 -> 1 | I91: =H91*G91 -> 0
B92: Лезвия для ножей 18мм(10шт/уп) | E92: уп | H92: =Материалы!C49 -> 1 | I92: =H92*G92 -> 0
B93: Грунтовка Ceresit CT17 | E93: кг | H93: =Материалы!C50 -> 1 | I93: =H93*G93 -> 0
B94: Затирка | E94: кг | H94: =Материалы!C51 -> 1 | I94: =H94*G94 -> 0
B95: Клинья для плитки 9мм (50 шт) | E95: уп | H95: =Материалы!C52 -> 1 | I95: =H95*G95 -> 0
B96: Крестики для плитки 2,0(200шт) | E96: уп | H96: =Материалы!C53 -> 1 | I96: =H96*G96 -> 0
B97: Профиль направляющий Кнауф 3 м ПН-28 | E97: м.п | H97: =Материалы!C54 -> 1 | I97: =H97*G97 -> 0
B98: Профиль потолочный Кнауф ПП-60 | E98: м.п | H98: =Материалы!C55 -> 1 | I98: =H98*G98 -> 0
B99: Пена монтажная | E99: балл | H99: =Материалы!C56 -> 1 | I99: =H99*G99 -> 0
B100: Кабель ВВГ нг | E100: м.п. | H100: =Материалы!C57 -> 1 | I100: =H100*G100 -> 0
... B103: Изолента 15ммх10м | E103: шт. | H103: =Материалы!C60 -> 1 | I103: =H103*G103 -> 0
B104: Рамка 2-местная белая горизонтальная | E104: шт. | H104: =Материалы!C61 -> 1 | I104: =H104*G104 -> 0 | J104: кол-во в соответствии с тех.заданием
B105: Розетки ТВ | E105: шт. | H105: =Материалы!C62 -> 1 | I105: =H105*G105 -> 0 | J105: кол-во в соответствии с тех.заданием
B106: Розетки | E106: шт. | H106: =Материалы!C63 -> 1 | I106: =H106*G106 -> 0 | J106: кол-во в соответствии с тех.заданием
B107: Провод ШВВП 2х0,75 ГОСТ (бухта 200м, отрез) | E107: м | H107: =Материалы!C64 -> 1 | I107: =H107*G107 -> 0
...

Sheet СМР
A1: Ведомость работ
A2: Наименование | B2: Ед. изм. | C2: Цена за ед.
A3: Устройство полусухой выравнивающей стяжки армированной фиброволокном с сан.узлах выше первого этажа | B3: м2 | C3: 1
A4: Укладка ламината | B4: м2 | C4: 1
A5: Монтаж плинтуса | B5: м.п. | C5: 1
A6: Монтаж подоконников | B6: м.п. | C6: 1
A7: Шпатлевание стен | B7: м2 | C7: 1
A8: Оклейка стен обоями | B8: м2 | C8: 1
A9: Покраска обоев | B9: м2 | C9: 1
A10: Облицовка пола керамогранитом тип 1 | B10: м2 | C10: 1
A11: Облицовка стен керамогранитом тип 1 | B11: м2 | C11: 1
A12: Облицовка стен керамогранитом тип 2 | B12: м2 | C12: 1
A13: Монтаж короба из ГКЛ | B13: м2 | C13: 1
A14: Установка вентилятора | B14: шт | C14: 1
... A29: Монтаж закладных | B29: м.п | C29: 1

Sheet Материалы
A1: Спецификация материалов
A2: Наименование | B2: Ед. изм. | C2: Цена за ед.
A3: Песок среднезернистый (или крупнозернистый) | B3: кг | C3: 1
A4: Цемент ПЦ400 | B4: кг | C4: 1
A5: Фиброволокно полипропиленовое l=12мм | B5: кг | C5: 1
A6: Пластификатор | B6: л | C6: 1
A7: Ламинат в соответствии с тех.заданием | B7: м2 | C7: 1
A8: Подложка Порилекс НПЭ 3мм под ламинат | B8: м2 | C8: 1
A9: Плинтус в соответствии с тех.заданием | B9: м.п. | C9: 1
A10: Подоконник ПВХ белый | B10: м.п | C10: 1
A11: Сэндвич-панель 300х3000х9-9,5мм | B11: м.п. | C11: 1
A12: Шпаклевка полимерная финишная Vetonit LR+, 20 кг | B12: кг | C12: 1
A13: Обои виниловые на флизелиновой основе Артекс под покраску арт. 50015 | B13: м2 | C13: 1
A14: Клей обойный КЛЕО винил для виниловых обоев | B14: кг | C14: 1
... A97: Вставка-заглушка, плинтус для натяжного потолка 50 м | B97: шт | C97: 1
